 Dungeon Crawl Stone Soup version 0.19.4-9-g45fd643 (webtiles) character file.

527 sankara the Insei (level 7, -3/58 HPs)
             Began as a White Draconian Transmuter on Feb 21, 2017.
             Was a Follower of Ru.
             Slain by Prince Ribbit (10 damage)
             ... on level 5 of the Dungeon.
             The game lasted 00:15:41 (4141 turns).

sankara the Insei (White Draconian Transmuter)      Turns: 4141, Time: 00:15:42

Health: -3/58      AC:  8    Str: 12    XL:     7   Next: 2%
Magic:  10/10      EV: 16    Int: 14    God:    Ru [*.....]
Gold:   315        SH:  0    Dex: 11    Spells: 3 memorised, 4 levels left

rFire  . . .     SeeInvis .       - Unarmed
rCold  + . .     Gourm    .     (armour unavailable)
rNeg   . . .     Faith    +     (no shield)
rPois  .         Spirit   .     (helmet restricted)
rElec  .         Reflect  .     (no cloak)
rCorr  .         Harm     .     n - +0 pair of gloves
MR     .....                    (no boots)
Stlth  +.........               s - amulet of faith
                                (no ring)
                                e - +4 ring of evasion

@: about to teleport, appendage (expiring), no potions
A: breathe frost, unfitting armour, claws 1, horns 2, clumsy 1, cold resistance
1, shaggy fur 1, cold-blooded, inability to drink while threatened, AC +6
a: Breathe Frost, End Transformation, Renounce Religion


You were on level 5 of the Dungeon.
You worshipped Ru.
Ru was aware of your devotion.
You were near starving.
You had grown temporary horns.
You visited 2 branches of the dungeon, and saw 6 of its levels.

You collected 315 gold pieces.

Inventory:

Missiles
 a - 66 arrows
Armour
 n - a +0 pair of gloves (worn)
Jewellery
 e - a +4 ring of evasion (left hand)
 s - an amulet of faith (around neck)
 u - a +5 amulet of reflection
Scrolls
 f - a scroll of recharging {unknown}
 g - 7 scrolls of identify
 i - 2 scrolls of amnesia {unknown}
 j - 2 scrolls of enchant weapon
 k - a scroll of magic mapping {unknown}
 m - a scroll of random uselessness {unknown}
 q - 3 scrolls of teleportation
Potions
 d - a potion of invisibility {unknown}
 h - a potion of curing
 t - a potion of haste {unknown}
 v - a potion of resistance
Books
 b - a book of Changes

   Spells                             Type                      Level
   a - Beastly Appendage              Transmutation                1
   b - Sticks to Snakes               Transmutation                2
   c - Spider Form                    Transmutation/Poison         3
   d - Ice Form                       Ice/Transmutation            4
   e - Blade Hands                    Transmutation                5
Comestibles
 c - a bread ration
 l - a royal jelly
 o - a meat ration
 r - a slice of pizza


   Skills:
 + Level 3.8 Fighting
 - Level 1.7 Dodging
 + Level 5.7 Unarmed Combat
 + Level 2.2 Spellcasting
 * Level 4.6 Transmutations


You had 4 spell levels left.
You knew the following spells:

 Your Spells              Type           Power        Failure   Level  Hunger
a - Beastly Appendage     Tmut           ##....       3%          1    #......
b - Sticks to Snakes      Tmut           ##......     6%          2    ###....
c - Spider Form           Tmut/Pois      #.........   30%         3    ###....


Dungeon Overview and Level Annotations

Branches:
Dungeon (5/15)             Temple (1/1) D:4

Altars:
Ashenzari
Cheibriados
Dithmenos
Elyvilon
Fedhas
Gozag
Hepliaklqana
Kikubaaqudgha
Makhleb
Nemelex Xobeh
Okawaru
Qazlal
Ru
Sif Muna
Trog
Uskayaw
Vehumet
Xom
Yredelemnul
Zin
The Shining One

Annotations:
D:4 1 runed door
D:5 Prince Ribbit


Innate Abilities, Weirdness & Mutations

You can breathe waves of freezing cold.
You can buffet flying creatures when you breathe cold.
Your icy white scales are hard. (AC +6)
You cannot fit into any form of body armour.
Your flesh is cold resistant. (rC+)
You are cold-blooded and may be slowed by cold attacks.
You cannot drink potions while threatened.
You have sharp fingernails.
You have a pair of horns on your head.
You are clumsy. (Dex -2)
You are covered in fur. (AC +1)


Message History

You hit Prince Ribbit.
Prince Ribbit is heavily wounded.
Prince Ribbit misses you.
Prince Ribbit begins to cast a spell, but is stunned by your will!
You miss Prince Ribbit.
Your tail-slap misses Prince Ribbit.
Prince Ribbit is heavily wounded.
Prince Ribbit hits you!!
You feel threatened and lose the ability to drink potions!
* * * LOW HITPOINT WARNING * * *
As you read the scroll labeled TOADA FARCHIVUZI, it crumbles to dust.
It is a scroll of enchant weapon.
You aren't carrying any weapons that can be enchanted.
Prince Ribbit barely misses you.
As you read the scroll labeled TEMABAIRRU, it crumbles to dust.
You feel strangely unstable.
It was a scroll of teleportation.
Prince Ribbit is stunned by your will and fails to attack.
You redirect Prince Ribbit's attack!
Prince Ribbit closely misses you. Prince Ribbit hits you!
You die...

##...'.......#..........
#....#.......######.....
#....#........#...#.....
#######.......#...'.....
#.....#########...#.....
#..........|..#...#.....
#.....<.......#...#.....
#.............#...#.....
#.....F@......#...#.....
#..$..........#...+.....
#.............#####.....
######.....#####........
#.....# #........ .....
#.....# #........ .....
#.....# #........ (....
#.....+ #........
....#####.....#####........


You could see Prince Ribbit.

Vanquished Creatures
  An ogre (D:4)
  The ghost of Squonk the Insei, an amateur DsTm (D:3)
  A scorpion (D:5)
  An orc priest (D:4)
  2 orc wizards (D:4)
  A gnoll shaman (D:4)
  A worker ant (D:4)
  An iguana (D:4)
  A worker ant zombie (D:5)
  3 gnolls (D:4)
  4 adders
  2 adder skeletons (D:4)
  3 dart slugs (D:1)
  A leopard gecko (D:2)
  9 orcs (D:4)
  6 bats
  2 giant cockroaches (D:1)
  3 goblins
  4 hobgoblins
  5 jackals
  A quokka (D:3)
  A ball python (D:3)
  3 frilled lizards
  3 kobolds
  8 rats
  A plant (D:2)
69 creatures vanquished.

Notes
Turn   | Place    | Note
-------+----------+-------------------------------------------
     0 | D:1      | sankara the Draconian Transmuter began the quest for the Orb.
     0 | D:1      | Reached XP level 1. HP: 16/16 MP: 3/3
   292 | D:1      | Reached XP level 2. HP: 24/24 MP: 3/5
   296 | D:1      | Learned a level 2 spell: Sticks to Snakes
   914 | D:2      | Reached XP level 3. HP: 29/29 MP: 4/6
  1486 | D:2      | Found a sacrificial altar of Ru.
  1549 | D:2      | Became a worshipper of Ru the Awakened
  1688 | D:3      | Noticed Squonk's ghost (amateur DsTm)
  1854 | D:3      | Found a shattered altar of Ashenzari.
  2106 | D:3      | Gained mutation: You are covered in fur. (AC +1) [potion of mutation]
  2106 | D:3      | Gained mutation: You have sharp fingernails. [potion of mutation]
  2106 | D:3      | Gained mutation: You are clumsy. (Dex -2) [potion of mutation]
  2118 | D:3      | Killed Squonk's ghost
  2118 | D:3      | Reached skill level 4 in Unarmed Combat
  2118 | D:3      | Reached XP level 4. HP: 37/37 MP: 7/7
  2128 | D:3      | Learned a level 3 spell: Spider Form
  2362 | D:3      | Reached XP level 5. HP: 33/42 MP: 6/8
  2623 | D:4      | Gained mutation: You cannot drink potions while threatened. [Ru sacrifice]
  2623 | D:4      | Reached * piety under Ru
  2654 | D:4      | Noticed an ogre
  2661 | D:4      | Killed an ogre
  2661 | D:4      | Reached skill level 5 in Unarmed Combat
  2784 | D:4      | Reached XP level 6. HP: 43/51 MP: 7/9
  2807 | D:4      | Noticed a human
  2808 | D:4      | Found a runed door.
  2825 | D:4      | Found a basalt altar of Yredelemnul.
  3170 | D:4      | Found a staircase to the Ecumenical Temple.
  3485 | Temple   | Entered the Ecumenical Temple
  3968 | D:5      | Entered Level 5 of the Dungeon
  4001 | D:5      | Your scales start taking on an icy white colour.
  4001 | D:5      | Reached XP level 7. HP: 46/58 MP: 10/10
  4001 | D:5      | Gained mutation: Your flesh is cold resistant. (rC+) [White Draconian growth]
  4113 | D:5      | Noticed Prince Ribbit
  4141 | D:5      | Slain by Prince Ribbit

Skill      XL: |  1  2  3  4  5  6 |
---------------+-------------------+-----
Fighting       | 2 3 |  3.8
Unarmed Combat | 4 5 |  5.7
Transmutations | 3 4 |  4.6
Dodging        | |  1.7
Spellcasting   | |  2.2

Action                   |  1- 3 |  4- 6 |  7- 9 || total
-------------------------+-------+-------+-------++-------
Melee: Unarmed           |   165 |   181 |    21 ||   367
       Tailslap          |    27 |    18 |     2 ||    47
       Kick              |    19 |    17 |       ||    36
       Headbutt          |     5 |    10 |     3 ||    18
       Punch             |     5 |     5 |       ||    10
 Cast: Beastly Appendage |    29 |    15 |     1 ||    45
Invok: Sacrifice Drink   |       |     1 |       ||     1
  Use: Potion            |     6 |     2 |       ||     8
       Scroll            |       |     2 |     2 ||     4
  Eat: Chunk             |     5 |     5 |       ||    10
Armor: Skin              |    21 |    55 |     3 ||    79
Dodge: Dodged            |    84 |   132 |    16 ||   232
